woodfighter, chaotic female orcish Cavewoman --. ---.-- --....-- |......-- |.......| ------ ---.....-- ----..|^--- |......----.|......I.. --.....*--..)......%%- |.................I-- |.............--.--- --.....|...... --- --....| woodfighter the Cave Teen Experience level: 5 Strength: 16 Dexterity: 13 Constitution: 18 Intelligence: 9 Wisdom: 9 Charisma: 10 Health: 0(48) Energy: 19(19) Def: 2 Gold: 0 Moves: 1946 Dungeon seed: EZhLkON5JFayCtck Game ID: woodfighter_1476564826 Your Inventory: Weapons a - a +1 club (weapon in hand) b - a +2 sling (alternate weapon; not wielded) Armor n - an uncursed +0 pair of gauntlets of power q - an uncursed +0 leather armor (being worn) r - an uncursed +0 pair of elven boots y - a cursed +0 dwarvish cloak z - a blessed +1 dwarvish iron helm Comestibles c - an uncursed lembas wafer i - 2 uncursed food rations Tools s - an uncursed sack w - an uncursed tallow candle (0:200) Gems e - 14 uncursed flints (in quiver) Contents of the sack: 487 gold pieces 2 [uncursed] scrolls of gold detection 2 [uncursed] scrolls of identify 2 [uncursed] scrolls of scare monster a [uncursed] spellbook of remove curse a [uncursed] potion of booze a [cursed] potion of booze a [uncursed] potion of healing Spells and supernatural/magical abilities: Name Level Category Fail Memory W - pray for help -- divine ? -- Your skills at the end: Miscellaneous Skills bare handed combat [Basic] Weapon Skills scimitar [Basic] club [Basic] sling [Basic] Spellcasting Skills Final Attributes: You were piously aligned. You were poison resistant. You had infravision. You were very stealthy. You were lucky. You are dead. Vanquished creatures: a shrieker a gnome lord a dwarf a jitterbug an orc zombie a hobbit a giant rat a red mold 16 gnomes 7 jackals 5 newts 2 grid bugs a lichen 3 kobold zombies 42 creatures vanquished. Voluntary challenges: You did not adorn yourself with jewelry or accessories. You did not cause conflict. You were not invisible. You did not have reflection. You were not displaced. You had been an atheist until turn 1941. You used a wielded weapon 54 times, starting on turn 3. You did not apply a unicorn horn. You did not use plumbed fixtures. You did not drink any magical draughts. You were illiterate. You never genocided any monsters. You never polymorphed an object. You never changed form. You used no wishes. You never split a pudding. You never wrote Elbereth's name. You never violated your personal moral code. Dungeon overview: The Dungeons of Doom: levels 1 to 5 Level 1 a sink a long staircase Level 2 a fountain Level 3 an armor shop Level 4 (ll) stairs to The Gnomish Mines Level 5 The Gnomish Mines: levels 5 to 7 Level 5 stairs to The Dungeons of Doom Level 7 <- You were here History has recorded: On T:1 you entered the Dungeons of Doom to retrieve the Amulet of Yendor! On T:413 you reached level 2 of The Dungeons of Doom. On T:704 you reached level 3 of The Dungeons of Doom. On T:894 you reached level 4 of The Dungeons of Doom. On T:993 you advanced to experience level 2. On T:1263 you reached level 1 of The Gnomish Mines. On T:1324 you advanced to experience level 3. On T:1413 you reached level 5 of The Dungeons of Doom. On T:1639 you advanced to experience level 4. On T:1857 you reached level 3 of The Gnomish Mines. On T:1868 you advanced to experience level 5. On T:1941 you prayed to Anshar. Score breakdown: Gold: 487 ( 48 points) Experience: 5 levels ( 400 points) Exploration: 7 levels ( 180 points) Discoveries: 13 items ( 650 points) Variety of kills: 14 monsters ( 700 points) Major goal: (nothing yet) ( 0 points) Survival: died (score multiplied by 3) Total score: 5934 Latest messages: You hit the gnome king! The gnome zombie misses. The gnome king punches you! You hit the gnome king! The gnome king punches you! You hit the gnome king. The gnome zombie scratches you! The gnome king punches you! You begin praying to Anshar. You are surrounded by a shimmering light. The gnome king starts to attack you, but pulls back. The gnome lord starts to attack you, but pulls back. The gnome zombie starts to attack you, but pulls back. The gnome lord starts to attack you, but pulls back. The carafe crashes on the gnome lord's head and breaks into shards. The magenta potion evaporates. The gnome lord falls asleep. You feel rather tired. You feel that Anshar is well-pleased. You feel much better. Something punches you! Something scratches you! Something punches you! (2x) Something scratches you! Something punches you! You die... Final status: Goodbye woodfighter the Cavewoman, killed by a gnome king, while sleeping off potion vapours... You died in The Gnomish Mines on dungeon level 7 with 5934 points, and 487 pieces of gold, after 1946 moves. You were level 5 with a maximum of 48 hit points when you died.